 Dungeon Crawl Stone Soup version 0.20.1-1-g8b1a95d (webtiles) character file.

14567 trihard the Severer (level 12, -7/162 HPs)
             Began as a Hill Orc Berserker on July 9, 2017.
             Was the Champion of Trog.
             Mangled by a 12-headed hydra (11 damage)
             ... on level 2 of the Lair of Beasts.
             The game lasted 00:19:11 (14682 turns).

trihard the Severer (Hill Orc Berserker)           Turns: 14682, Time: 00:19:12

Health: -7/162     AC: 17    Str: 26    XL:     12   Next: 17%
Magic:  12/12      EV:  8    Int:  7    God:    Trog [******]
Gold:   708        SH:  0    Dex: 14    Spells: 11/11 levels left

rFire    . . .     SeeInvis .   i - +4 broad axe (chop)
rCold    . . .     Gourm    .   (no shield)
rNeg     . . .     Faith    +   M - +0 plate armour
rPois    .         Spirit   .   b - +1 helmet
rElec    .         Reflect  .   Q - +2 cloak
rCorr    .         Harm     .   (no gloves)
MR       +....                  (no boots)
Stlth    ..........             d - amulet of faith
Regen    0.4/turn               (no ring)
MPRegen  0.2/turn               T - ring of protection from magic

@: berserking, very quick
A: no striking features
a: Berserk, Trog's Hand, Brothers in Arms, Burn Spellbooks, Renounce Religion


You were on level 2 of the Lair of Beasts.
You worshipped Trog.
Trog was exalted by your worship.
You were very hungry.

You visited 2 branches of the dungeon, and saw 12 of its levels.

You collected 708 gold pieces.

Inventory:

Hand Weapons
 a - a +0 hand axe
 i - a +4 broad axe of chopping (weapon)
 I - a +0 battleaxe
 R - a -3 executioner's axe
Missiles
 j - 318 stones (quivered)
 p - 9 javelins
 X - 2 tomahawks of dispersal
Armour
 b - a +1 helmet (worn)
 M - a +0 plate armour (worn)
 Q - a +2 cloak (worn)
Jewellery
 d - an amulet of faith (around neck)
 m - a +3 ring of evasion {unknown}
 n - an uncursed amulet of regeneration {unknown}
 F - a cursed ring of loudness {unknown}
 G - an uncursed ring of flight
 T - a ring of protection from magic (right hand)
Wands
 c - a wand of lightning (9/15)
 x - a wand of paralysis (15/24)
 y - a wand of iceblast (7/15)
 C - a wand of acid (14/15)
 H - a wand of random effects (29/48)
 L - a wand of lightning (6/15)
 O - a wand of digging (5/24)
 P - a wand of iceblast (5/15)
 V - a wand of disintegration (13/24)
 Y - a wand of enslavement (9/24)
Scrolls
 e - a scroll of immolation
 g - 2 scrolls of remove curse
 l - a scroll of enchant weapon
 o - 2 scrolls of blinking
 r - 2 scrolls of magic mapping
 u - a scroll of random uselessness
 v - a scroll of recharging
 A - a scroll of noise
 E - 6 scrolls of teleportation
Potions
 q - 2 potions of resistance
 s - 4 potions of mutation
 t - 2 potions of magic
 z - 2 potions of might
 B - a potion of heal wounds
 D - a potion of flight
 J - a potion of haste {unknown}
 S - a potion of cancellation {unknown}
Comestibles
 f - 5 fruits
 h - 3 chunks of flesh
 k - 5 royal jellies
 w - 6 meat rations
 U - 7 bread rations


   Skills:
 + Level 10.9 Fighting
 - Level 20.1 Axes
 * Level 5.0 Armour
 - Level 1.5 Dodging


You had 11 spell levels left.
You didn't know any spells.

Dungeon Overview and Level Annotations

Branches:
Dungeon (10/15)            Temple (0/1) D:7            Lair (2/6) D:10
  Swamp: Lair:2-4    Shoals: Lair:2-4     Snake: Lair:2-4    Spider: Lair:2-4
    Orc: D:9-12

Altars:
Ashenzari
Nemelex Xobeh
Okawaru
Vehumet

Shops:
D:6 [(


Message History

The ten-headed hydra grows two more!
You slice the 12-headed hydra!!
The 12-headed hydra is almost dead.
The 12-headed hydra bites you but does no damage.
The 12-headed hydra barely misses you. The 12-headed hydra bites you.
* * * LOW HITPOINT WARNING * * *
The 12-headed hydra bites you but does no damage.
The 12-headed hydra bites you.
* * * LOW HITPOINT WARNING * * *
The 12-headed hydra bites you!
* * * LOW HITPOINT WARNING * * *
The 12-headed hydra bites you!
* * * LOW HITPOINT WARNING * * *
The 12-headed hydra bites you.
* * * LOW HITPOINT WARNING * * *
The 12-headed hydra bites you.
* * * LOW HITPOINT WARNING * * *
The 12-headed hydra barely misses you.
The 12-headed hydra bites you but does no damage.
The 12-headed hydra bites you!
You die...

##
#####.#######
.>..........#
............#
............#
.......>....#
#D....###
##@.....#
#.....###
#......#
#P.....#
##.....#
#......#
#P....##
#.....#
#.....#


You could see a 12-headed hydra.

Vanquished Creatures
  A hydra (Lair:2)
  2 two-headed ogres
  Nergalle (Lair:1)
  Pikel (D:7)
  A black mamba (Lair:1)
  A spiny frog (Lair:1)
  A troll (D:6)
  A merfolk (D:9)
  The ghost of Agrougrou the Chopper, an amateur DsMo (D:4)
  4 blink frogs (Lair:1)
  3 hippogriffs
  The ghost of pogchamp the Stinger, an amateur OpTm (D:3)
  7 yaks
  A steam dragon (D:10)
  2 basilisks
  3 water moccasins
  4 porcupines
  2 ice beasts
  A slave (D:7)
  An orc warrior (D:8)
  5 sky beasts
  A necrophage (D:10)
  2 ogres
  4 phantoms
  4 centaurs
  3 crocodiles (Lair:1)
  14 bullfrogs
  A gnoll sergeant (D:10)
  6 scorpions
  27 killer bees
  8 wights
  2 howler monkeys (D:6)
  8 crimson imps
  2 quasits
  2 orc priests
  A bullfrog zombie (D:8)
  5 hounds
  3 jellies
  5 bullfrog skeletons
  2 centaur skeletons (D:9)
  7 orc wizards
  4 iguanas
  7 worker ants
  A killer bee zombie (D:6)
  8 gnolls
  12 adders
  A shadow imp (D:6)
  2 adder zombies
  An adder skeleton (D:4)
  2 worms
  6 dart slugs
  3 leopard geckos
  26 orcs
  4 ball pythons
  5 giant cockroaches
  5 goblins
  6 hobgoblins
  14 jackals
  7 quokkas
  16 bats
  3 frilled lizards
  8 kobolds
  A leopard gecko skeleton (D:5)
  9 rats
302 creatures vanquished.

Vanquished Creatures (collateral kills)
  The ghost of kettlebell the Nimble, a novice OpTm (D:9)
1 creature vanquished.

Vanquished Creatures (others)
  2 worker ants (D:7)
  An orc (D:7)
  A fungus (D:4)
4 creatures vanquished.

Grand Total: 307 creatures vanquished

Notes
Turn   | Place    | Note
-------+----------+-------------------------------------------
     0 | D:1      | trihard the Hill Orc Berserker began the quest for the Orb.
     0 | D:1      | Reached XP level 1. HP: 19/19 MP: 1/1
   405 | D:1      | Reached XP level 2. HP: 26/26 MP: 2/2
   594 | D:1      | Reached skill level 5 in Axes
   918 | D:1      | Reached XP level 3. HP: 29/31 MP: 3/3
  1307 | D:2      | Reached ** piety under Trog
  1591 | D:2      | Reached skill level 6 in Axes
  1687 | D:2      | Reached XP level 4. HP: 34/39 MP: 4/4
  2516 | D:3      | Noticed pogchamp's ghost (amateur OpTm)
  2526 | D:3      | Killed pogchamp's ghost
  2526 | D:3      | Reached skill level 5 in Fighting
  2526 | D:3      | Reached skill level 8 in Axes
  2526 | D:3      | Reached XP level 5. HP: 48/48 MP: 5/5
  2526 | D:3      | Reached XP level 6. HP: 56/56 MP: 6/6
  2772 | D:3      | Found a sparkling altar of Nemelex Xobeh.
  2919 | D:3      | Found an iron altar of Okawaru.
  3013 | D:3      | Reached *** piety under Trog
  3619 | D:4      | Reached skill level 9 in Axes
  3619 | D:4      | Reached XP level 7. HP: 25/61 MP: 7/7
  4124 | D:4      | Noticed Agrougrou's ghost (amateur DsMo)
  4163 | D:5      | Entered Level 5 of the Dungeon
  4308 | D:4      | Killed Agrougrou's ghost
  4308 | D:4      | Reached skill level 10 in Axes
  4789 | D:4      | Reached XP level 8. HP: 43/71 MP: 8/8
  5370 | D:5      | Reached skill level 11 in Axes
  6942 | D:6      | Found Ifaoxiu's Weapon Boutique.
  7009 | D:6      | Reached skill level 12 in Axes
  7031 | D:6      | Found Boug's Armour Boutique.
  7244 | D:6      | Found a radiant altar of Vehumet.
  7244 | D:6      | Found a shattered altar of Ashenzari.
  7287 | D:6      | Noticed a two-headed ogre
  7298 | D:6      | Reached **** piety under Trog
  7319 | D:6      | Killed a two-headed ogre
  7319 | D:6      | Reached skill level 13 in Axes
  7319 | D:6      | Reached XP level 9. HP: 30/82 MP: 9/9
  7583 | D:6      | Noticed a troll
  7602 | D:6      | Killed a troll
  8259 | D:6      | Reached skill level 14 in Axes
  9049 | D:7      | Noticed Pikel
  9070 | D:7      | Killed Pikel
  9070 | D:7      | Reached skill level 15 in Axes
  9070 | D:7      | Reached XP level 10. HP: 90/91 MP: 10/10
  9257 | D:7      | Found a staircase to the Ecumenical Temple.
  9898 | D:8      | Reached skill level 16 in Axes
 10289 | D:8      | Reached ***** piety under Trog
 11006 | D:9      | Received a gift from Trog
 11075 | D:9      | Reached skill level 17 in Axes
 12155 | D:9      | Noticed kettlebell's ghost (novice OpTm)
 12187 | D:9      | Killed kettlebell's ghost
 12187 | D:9      | Reached skill level 18 in Axes
 12187 | D:9      | Reached XP level 11. HP: 49/97 MP: 11/11
 12571 | D:10     | Entered Level 10 of the Dungeon
 13039 | D:10     | Noticed a two-headed ogre
 13057 | D:10     | Killed a two-headed ogre
 13057 | D:10     | Reached skill level 19 in Axes
 13594 | D:10     | Reached skill level 10 in Fighting
 13595 | D:10     | Reached ****** piety under Trog
 13695 | D:10     | Found a staircase to the Lair.
 13711 | Lair:1   | Entered Level 1 of the Lair of Beasts
 13711 | Lair:1   | Noticed Nergalle
 13730 | Lair:1   | Killed Nergalle
 14076 | Lair:1   | Received a gift from Trog
 14079 | Lair:1   | Reached skill level 20 in Axes
 14183 | Lair:1   | Reached XP level 12. HP: 106/107 MP: 12/12
 14549 | Lair:2   | Noticed an eight-headed hydra
 14556 | Lair:2   | Killed a 12-headed hydra
 14645 | Lair:2   | Reached skill level 5 in Armour
 14673 | Lair:2   | Noticed a six-headed hydra
 14682 | Lair:2   | HP: 4/162 [12-headed hydra (6)]
 14682 | Lair:2   | Mangled by a 12-headed hydra

Skill      XL: |  1  2  3  4  5  6  7  8  9 10 11 12 |
---------------+-------------------------------------+-----
Axes           | 5 6 8 9 10 13 15 18 20 | 20.1
Fighting       | 5 6 8 9 10 | 10.9
Armour         | 5 |  5.0
Dodging        | |  1.5

Action                   |  1- 3 |  4- 6 |  7- 9 | 10-12 || total
-------------------------+-------+-------+-------+-------++-------
Melee: Hand axe          |   140 |   143 |   335 |       ||   618
       Battleaxe         |       |       |    80 |   510 ||   590
       Broad axe         |       |       |       |    44 ||    44
Throw: Stone             |     2 |       |       |       ||     2
Invok: Berserk           |       |     5 |    10 |     8 ||    23
       Burn Spellbooks   |       |       |       |     4 ||     4
       Brothers in Arms  |       |       |       |     2 ||     2
       Trog's Hand       |       |       |       |     1 ||     1
 Abil: Evoke Flight      |       |       |       |     1 ||     1
  Use: Scroll            |     3 |     1 |     3 |    15 ||    22
       Potion            |       |     1 |     3 |     4 ||     8
  Eat: Chunk             |     3 |     6 |    11 |    19 ||    39
       Bread ration      |       |     1 |     3 |       ||     4
       Fruit             |       |       |     2 |     2 ||     4
       Meat ration       |       |       |       |     1 ||     1
Armor: Animal skin       |     8 |       |       |       ||     8
       Ring mail         |    67 |    44 |    96 |       ||   207
       Plate armour      |       |       |    13 |   423 ||   436
Dodge: Dodged            |   116 |   110 |   176 |   208 ||   610
